 Dungeon Crawl Stone Soup version 0.26-a0-450-ge645bd13c1 (webtiles) character file.

Game seed: 14762051421330514781

8417 DeltaSign the Fighter (level 11, -2/103 HPs)
             Began as a Minotaur Berserker on July 27, 2020.
             Was the Champion of Trog.
             Slain by a 15-headed hydra (3 damage)
             ... on level 10 of the Dungeon.
             The game lasted 00:25:55 (9964 turns).

DeltaSign the Fighter (Minotaur Berserker)          Turns: 9964, Time: 00:25:56

Health: -2/103     AC: 19    Str: 21    XL:     11   Next: 9%
Magic:  10/10      EV:  8    Int:  4    God:    Trog [******]
Gold:   459        SH: 19    Dex: 14    Spells: 10/10 levels left

rFire    . . .     SeeInvis .   D - +0 war axe
rCold    . . .     Faith    +   g - +2 tower shield
rNeg     . . .     Spirit   .   a - +0 plate armour
rPois    .         Reflect  .   c - +1 hat
rElec    .         Harm     .   G - +0 cloak
rCorr    +                      (no gloves)
MR       .....                  s - +2 pair of boots
Stlth    ..........             A - amulet of faith
HPRegen  0.27/turn              l - +4 ring of evasion
MPRegen  0.12/turn              e - ring of resist corrosion

@: about to teleport, berserk cooldown, slowed, very slow
A: retaliatory headbutt, horns 2
a: Berserk, Trog's Hand, Brothers in Arms, Renounce Religion


You were on level 10 of the Dungeon.
You worshipped Trog.
Trog was exalted by your worship.
You visited 1 branch of the dungeon, and saw 11 of its levels.
You also visited: Sewer and Ossuary.

You collected 459 gold pieces.

Inventory:

Hand Weapons
 D - a +0 war axe (weapon)
Armour
 a - a +0 plate armour (worn)
 c - a +1 hat (worn)
 g - a +2 tower shield (worn)
 s - a +2 pair of boots (worn)
 G - a +0 cloak (worn)
Jewellery
 e - a ring of resist corrosion (right hand)
 l - a +4 ring of evasion (left hand)
 p - an uncursed ring of flight
 A - an amulet of faith (around neck)
Wands
 v - a wand of acid (14)
 C - a wand of disintegration (11)
 H - a wand of clouds (1)
 I - a wand of random effects (17)
 K - a wand of paralysis (8)
Scrolls
 f - 6 scrolls of teleportation
 k - a scroll of blinking
 n - 4 scrolls of remove curse
 o - 8 scrolls of enchant weapon
 q - 3 scrolls of fog
 r - 3 scrolls of fear
 y - a scroll of enchant armour
 z - a scroll of magic mapping
 J - a scroll of acquirement {unknown}
 L - a scroll of silence {unknown}
Potions
 b - 4 potions of brilliance {unknown}
 d - 3 potions of haste
 i - 5 potions of might
 j - 4 potions of lignification
 m - 3 potions of heal wounds {unknown}
 t - 4 potions of degeneration {unknown}
 u - 5 potions of curing
 w - a potion of cancellation {unknown}
 x - 2 potions of magic {unknown}
 B - 2 potions of mutation {unknown}
 E - 3 potions of stabbing {unknown}
 F - a potion of berserk rage {unknown}


   Skills:
 * Level 11.6 Fighting
 * Level 11.6 Axes
 + Level 8.5 Armour
 - Level 2.1 Dodging
 * Level 10.2 Shields


You had 10 spell levels left.
You didn't know any spells.
Your spell library was empty.

Dungeon Overview and Level Annotations

Branches:
Dungeon (11/15)            Temple (0/1) D:4            Lair (0/6) D:8
    Orc (0/2) D:11          Sewer (visited)         Ossuary (visited)

Altars:
Cheibriados
Elyvilon
Fedhas
Hepliaklqana
Makhleb
Okawaru
Sif Muna
Trog
Vehumet
Xom
Yredelemnul
Zin
The Shining One

Shops:
D:5 [   D:6 (

Annotations:
D:4 exclusion: oklob sapling
D:10 1 runed translucent door, ReteAZ's ghost, journeyman MfGl


Innate Abilities, Weirdness & Mutations

You reflexively headbutt those who attack you in melee.
You have a pair of horns on your head.


Message History

* * * LOW HITPOINT WARNING * * *
The 15-headed hydra bites you but does no damage.
You block the 15-headed hydra's attack. x2
The 15-headed hydra closely misses you. You block the 15-headed hydra's attack.
The 15-headed hydra bites you but does no damage.
The 15-headed hydra barely misses you. The 15-headed hydra bites you.
* * * LOW HITPOINT WARNING * * *
The 15-headed hydra bites you but does no damage. x2
The 15-headed hydra completely misses you.
The 15-headed hydra bites you but does no damage.
The 15-headed hydra bites you!
* * * LOW HITPOINT WARNING * * *
The 15-headed hydra bites you but does no damage.
The 15-headed hydra barely misses you.
The 15-headed hydra bites you but does no damage.
The 15-headed hydra bites you.
* * * LOW HITPOINT WARNING * * *
The 15-headed hydra bites you but does no damage. x2
The 15-headed hydra bites you.
You die...

#........# ##
#........############
.####........'.#........#
.##.'........#.#........#
.+..#........#.'........#
.####........###........# .#
#........# #........###### .#
#######'## #.............## ##
####....# #@.............# #
#....#### ##D#####.......# #
##'##### #..).<...#.#..#
#......# ######........# ##
#......# #......#.#..#
≈###......# #####...........#
..........#####...+...........#
≈≈≈)..<...'.....###.......#####
.))((≈....####### #.......#


You could see a 15-headed hydra.

Vanquished Creatures
  2 two-headed ogres (D:8)
  An unseen horror (D:10)
  An ugly thing (D:11)
  A manticore (D:8)
  A polar bear (D:10)
  Prince Ribbit (D:5)
  A hippogriff (D:7)
  2 centaur simulacra (D:10)
  Sigmund (D:3)
  A shadow (D:8)
  A yak (D:10)
  A soldier ant (D:10)
  3 water moccasins
  An orc warrior (D:7)
  3 ice beasts
  2 sky beasts
  Purgy (Sewer)
  A hornet zombie (D:9)
  A black bear (D:10)
  A necrophage (D:7)
  3 ogres
  3 phantoms
  2 centaurs
  A crocodile (D:10)
  3 big kobolds
  6 bullfrogs
  An elf zombie (Ossuary)
  A scorpion (D:4)
  3 wights (D:8)
  An electric eel (D:10)
  3 quasits
  A bullfrog zombie (D:10)
  5 centaur zombies
  A human zombie (Ossuary)
  5 hounds
  4 jellies
  7 orc priests
  A bullfrog skeleton (D:6)
  2 iguanas
  6 orc wizards
  9 worker ants
  A big kobold zombie (Ossuary)
  2 mummies (Ossuary)
  2 worker ant zombies
  A howler monkey skeleton (D:5)
  3 gnolls (D:6)
  8 adders
  A white imp (D:5)
  4 ufetubi
  An ooze (D:2)
  An adder zombie (Ossuary)
  6 worms
  5 dart slugs
  9 leopard geckos
  16 orcs
  9 giant cockroaches
  10 hobgoblins
  6 jackals
  4 quokkas
  5 ball pythons
  10 bats
  5 frilled lizards
  10 goblins
  A goblin zombie (D:5)
  11 hobgoblin zombies
  A jackal skeleton (D:4)
  A jackal zombie (Ossuary)
  22 kobolds
  10 kobold zombies
  2 orc skeletons (D:5)
  13 orc zombies
  14 rats
  3 rat zombies (Ossuary)
292 creatures vanquished.

Vanquished Creatures (others)
  A kobold (D:10)
1 creature vanquished.

Grand Total: 293 creatures vanquished

Notes
Turn   | Place    | Note
-------+----------+-------------------------------------------
     0 | D:1      | DeltaSign the Minotaur Berserker began the quest for the
                  | Orb.
     0 | D:1      | Reached XP level 1. HP: 19/19 MP: 0/0
   259 | D:1      | Reached XP level 2. HP: 27/27 MP: 1/1
   454 | D:1      | Reached ** piety under Trog
   769 | D:1      | Reached XP level 3. HP: 33/33 MP: 2/2
  1308 | D:2      | Found a radiant altar of Vehumet.
  1617 | D:2      | Reached XP level 4. HP: 32/41 MP: 3/3
  1728 | D:2      | Reached *** piety under Trog
  1985 | D:2      | You fall into a shaft and drop 1 floor!
  2256 | D:2      | Reached skill level 5 in Fighting
  2279 | D:2      | Found a blossoming altar of Fedhas.
  2368 | D:3      | Noticed Sigmund
  2371 | D:3      | Killed Sigmund
  2371 | D:3      | Reached skill level 5 in Axes
  2371 | D:3      | Reached XP level 5. HP: 50/50 MP: 4/4
  2566 | D:3      | Reached XP level 6. HP: 57/57 MP: 5/5
  3035 | D:4      | Found a glowing silver altar of Zin.
  3050 | D:4      | Found a basalt altar of Yredelemnul.
  3136 | D:4      | Found a staircase to the Ecumenical Temple.
  3206 | D:4      | Reached skill level 1 in Shields
  3240 | D:4      | Found a white marble altar of Elyvilon.
  3703 | D:4      | Found a glowing drain.
  3712 | Sewer    | Entered a sewer
  3717 | Sewer    | Reached **** piety under Trog
  3728 | Sewer    | Noticed Purgy
  3737 | Sewer    | Killed Purgy
  3737 | Sewer    | Reached XP level 7. HP: 62/64 MP: 6/6
  3982 | D:4      | Found a shimmering altar of Xom.
  3983 | D:4      | Found a hazy altar of Hepliaklqana.
  3983 | D:4      | Noticed a yak
  3984 | D:4      | Noticed a spectral ugly thing
  3984 | D:4      | Noticed a yak
  4541 | D:5      | Entered Level 5 of the Dungeon
  4541 | D:5      | Noticed Prince Ribbit
  4550 | D:5      | Killed Prince Ribbit
  4609 | D:5      | Found a shimmering blue altar of Sif Muna.
  4646 | D:5      | Reached skill level 5 in Armour
  4646 | D:5      | Reached XP level 8. HP: 42/73 MP: 7/7
  4833 | D:5      | Found Sias's Antique Armour Boutique.
  4929 | D:5      | Found a glowing golden altar of the Shining One.
  5059 | D:5      | Found the +3 warlock's mirror {reflect}
  5072 | D:5      | Reached skill level 5 in Shields
  5168 | D:5      | Found a burning altar of Makhleb.
  5444 | D:6      | Reached ***** piety under Trog
  5588 | D:6      | Found Wycyra's Weapon Boutique.
  5951 | D:6      | Found an iron altar of Okawaru.
  6084 | D:7      | Found a sand-covered staircase.
  6092 | Ossuary  | Entered an ossuary
  6416 | D:7      | Received a gift from Trog
  6453 | D:7      | Reached XP level 9. HP: 82/82 MP: 8/8
  7242 | D:8      | You fall into a shaft and drop 3 floors!
  7242 | D:11     | Noticed a brown ugly thing
  7251 | D:11     | Killed a brown ugly thing
  7251 | D:11     | Reached skill level 10 in Fighting
  7251 | D:11     | Reached skill level 10 in Axes
  7295 | D:10     | Entered Level 10 of the Dungeon
  7295 | D:10     | Noticed a polar bear
  7305 | D:10     | Killed a polar bear
  7305 | D:10     | Reached XP level 10. HP: 37/93 MP: 9/9
  7724 | D:10     | Found a runed translucent door.
  7731 | D:10     | Found a shimmering altar of Xom.
  7731 | D:10     | Noticed ReteAZ's ghost (journeyman MfGl)
  7731 | D:10     | Noticed a +1 trident of chaos
  7747 | D:10     | Reached ****** piety under Trog
  7831 | D:10     | Received a gift from Trog
  8203 | D:8      | Noticed a two-headed ogre
  8210 | D:8      | Killed a two-headed ogre
  8524 | D:8      | Noticed a manticore
  8532 | D:8      | Killed a manticore
  8574 | D:8      | Found a bloodstained altar of Trog.
  8576 | D:8      | Noticed a two-headed ogre
  8589 | D:8      | Killed a two-headed ogre
  8784 | D:8      | Found a staircase to the Lair.
  8905 | D:9      | Reached skill level 10 in Shields
  9142 | D:9      | Found a snail-covered altar of Cheibriados.
  9427 | D:10     | Reached XP level 11. HP: 88/102 MP: 10/10
  9550 | D:10     | Killed an unseen horror
  9946 | D:11     | Noticed a five-headed hydra
  9946 | D:11     | Noticed a skeletal warrior
  9946 | D:11     | Noticed a skeletal warrior
  9946 | D:11     | Noticed a skeletal warrior
  9964 | D:10     | HP: 5/103 [15-headed hydra (7)]
  9964 | D:10     | HP: 1/103 [15-headed hydra (4)]
  9964 | D:10     | Slain by a 15-headed hydra

Illustrated notes

Levels and vault maps discovered:
D:1:      minmay_arrival_loop, layout_loops_ring, minmay_indecisive_spiral
D:2:      layout_rooms, fedhas_altar_4, vehumet_crystals
D:3:      layout_loops_ring, serial_glass, glass_columns_b, glass_columns_b,
          uniq_sigmund
D:4:      layout_layer_cave, regret_index_temple_of_mockery, marbit_many_paths,
          yredelemnul_altar_generic, kennysheep_mini_moat,
          minmay_temple_entry_oklob, gup_sewer_entry_pipe
D:5:      layout_rooms, lemuel_crystal_altar, lemuel_doored_altar,
          nicolae_tso_besieged_by_evil, serial_shops, nicolae_shop_behind_doors,
          uniq_prince_ribbit1
D:6:      layout_loops_ring, okawaru_trees_2, serial_shops, shop
D:7:      layout_cave_pools, chequers_ossuary_entry_cave
D:8:      layout_rooms, old_standard_altar, lair_entry_dummy
D:9:      layout_roguey, kennysheep_mini
D:10:     layout_roguey, ebering_ghost_xom, serial_ice, serial_ice_j,
          serial_ice_h, serial_ice_g, serial_ice_b
D:11:     layout_roguey, david_orc_2, serial_ice, serial_ice_n, serial_ice_l,
          serial_ice_b, serial_ice_a, serial_ice_o,
          portal_ice_cave_demonic_guard, grunt_decor_resistance

Skill      XL: |  1  2  3  4  5  6  7  8  9 10 |
---------------+-------------------------------+-----
Fighting       | 4 5 6 7 8 10 11 | 11.6
Axes           | 4 5 6 7 8 10 11 | 11.6
Armour         | 3 4 5 6 7 8 |  8.5
Shields        | 2 4 6 8 10 | 10.2
Dodging        | |  2.1

Action                   |  1- 3 |  4- 6 |  7- 9 | 10-12 || total
-------------------------+-------+-------+-------+-------++-------
Melee: Hand axe          |    81 |   143 |   135 |       ||   359
       Headbutt          |    19 |    28 |    87 |    51 ||   185
       War axe           |       |       |   245 |   215 ||   460
Invok: Berserk           |     1 |     1 |     3 |     1 ||     6
 Abil: Evoke Flight      |       |       |     1 |       ||     1
  Use: Scroll            |       |     7 |     3 |     8 ||    18
Armor: Animal skin       |    18 |     5 |       |       ||    23
       Ring mail         |       |    13 |       |       ||    13
       Chain mail        |       |    31 |   117 |       ||   148
       Plate armour      |       |       |    71 |   149 ||   220
Dodge: Dodged            |    49 |    60 |   126 |    55 ||   290
Block: Kite shield       |       |    25 |    96 |       ||   121
       Tower shield      |       |       |   215 |   237 ||   452

Table legend: (Time is in decaauts)
 A = Elapsed time spent in this place.
 B = Non-inter-level travel time spent in this place.
 C = Inter-level travel time spent in this place.
 D = Time resting spent in this place.
 E = Time spent auto-exploring this place.
 F = Levels seen in this place.
 G = Mean time per level.
                   A        B        C        D        E       F      G
               +--------+--------+--------+--------+--------+-----+--------+
         Total |  10138 |   9775 |    363 |    463 |   7000 |  13 |  779.8 |
       Dungeon |   9621 |   9258 |    363 |    463 |   6764 |  11 |  874.6 |
         Sewer |    222 |    222 |      0 |      0 |     90 |   1 |  222.0 |
       Ossuary |    294 |    294 |      0 |      0 |    146 |   1 |  294.0 |
               +--------+--------+--------+--------+--------+-----+--------+

Top non-repeatable levels by time:
     D:4: 1355 daAuts
    D:10: 1178 daAuts
     D:2: 1136 daAuts
     D:1: 1128 daAuts
     D:7: 838 daAuts
     D:8: 835 daAuts
     D:9: 797 daAuts
     D:6: 795 daAuts
     D:3: 785 daAuts
     D:5: 711 daAuts
 Ossuary: 294 daAuts
   Sewer: 222 daAuts
    D:11: 59 daAuts
